 Dungeon Crawl Stone Soup version 0.24-a0-439-g6dd8730 (webtiles) character file.

Game seed: 5455871392995091636

4605 CanOfBees the Grappler (level 10, -7/91 HPs)
             Began as a Ghoul Monk on June 17, 2019.
             Was a Priest of Okawaru.
             Mangled by a killer bee (12 damage)
             ... on level 8 of the Dungeon.
             The game lasted 00:18:31 (8560 turns).

CanOfBees the Grappler (Ghoul Monk)                 Turns: 8560, Time: 00:18:31

Health: -7/91      AC: 11    Str: 19    XL:     10   Next: 42%
Magic:  21/21      EV: 12    Int:  5    God:    Okawaru [***...]
Gold:   438        SH:  0    Dex: 11    Spells: 9/9 levels left

rFire    + . .     SeeInvis .     - Unarmed
rCold    + . .     Gourm    .   (no shield)
rNeg     + + +     Faith    .   t - +0 scale mail
rPois    ∞         Spirit   .   I - +1 hat
rElec    .         Reflect  .   (no cloak)
rCorr    .         Harm     .   (no gloves)
MR       .....                  f - +2 pair of boots
Stlth    ..........             G - amulet of regeneration
HPRegen  0.00/turn              F - ring of magical power
MPRegen  0.17/turn              r - ring of protection from fire

@: about to teleport, marked, rotting
A: rotting body, claws 1, carnivore, cold resistance 1, negative energy
resistance 3, inhibited regeneration, torment resistance, unbreathing
a: Heroism, Renounce Religion


You were on level 8 of the Dungeon.
You worshipped Okawaru.
Okawaru was most pleased with you.
You were not hungry.

You visited 2 branches of the dungeon, and saw 9 of its levels.
You also visited: Sewer.

You collected 438 gold pieces.

Inventory:

Hand Weapons
 C - the cursed +1 whip "Wirien" {antimagic, rPois Str-4 Dex+6}
   (You found it on level 4 of the Dungeon)

   It reduces the magical energy of the wielder, and disrupts the spells and
   magical abilities of those hit.
   Natural abilities and divine invocations are not affected.
   It affects your strength (-4).
   It affects your dexterity (+6).
   It protects you from poison.
   It has a curse placed upon it.
 D - a +0 hand crossbow
Missiles
 c - 2 atropa-tipped darts
 d - 217 stones
 g - 12 poisoned darts (quivered)
 n - 30 bolts
 o - 3 boomerangs
 s - 34 sling bullets
 w - 169 arrows
Armour
 f - a +2 pair of boots (worn)
 t - a +0 scale mail (worn)
 I - a +1 hat (worn)
Jewellery
 p - an uncursed ring of wizardry
 r - a ring of protection from fire (right claw)
 F - a ring of magical power (left claw)
 G - an amulet of regeneration (around neck)
 H - an uncursed ring of flight
 M - an uncursed amulet of the gourmand {unknown}
Wands
 q - a wand of disintegration (14)
Scrolls
 i - a scroll of amnesia
 m - 4 scrolls of teleportation
 u - a scroll of immolation
 v - 2 scrolls of remove curse
 x - a scroll of enchant armour {unknown}
 y - a scroll of blinking
 z - a scroll of noise {unknown}
 A - a scroll of fog {unknown}
 E - a scroll of enchant weapon {unknown}
 J - a scroll of magic mapping
 K - a scroll of fear {unknown}
Potions
 e - 4 potions of flight
 h - a potion of might
 j - a potion of brilliance
 k - 2 potions of magic
 l - 9 potions of curing
 B - a potion of agility
 L - a potion of invisibility {unknown}
Comestibles
 b - 11 rations


   Skills:
 + Level 9.2 Fighting
 - Level 4.0 Throwing
 - Level 4.0 Armour
 + Level 6.4 Dodging
 - Level 2.1 Stealth
 + Level 9.2 Unarmed Combat
 + Level 4.4 Invocations


You had 9 spell levels left.
You didn't know any spells.
Your spell library was empty.

Dungeon Overview and Level Annotations

Branches:
Dungeon (8/15)             Temple (1/1) D:6
   Lair: D:8-11

Altars:
Ashenzari
Cheibriados
Dithmenos
Elyvilon
Fedhas
Gozag
Hepliaklqana
Kikubaaqudgha
Makhleb
Nemelex Xobeh
Okawaru
Qazlal
Ru
Sif Muna
Trog
Uskayaw
Vehumet
Wu Jian
Xom
Yredelemnul
Zin
The Shining One

Shops:
D:4 *

Annotations:
D:8 Harold


Innate Abilities, Weirdness & Mutations

Your body is rotting away.
You thrive on raw meat.
You are immune to poison.
You have sharp fingernails.
You are carnivorous and can eat meat at any time.
Your flesh is cold resistant. (rC+)
You are immune to negative energy. (rN+++)
You do not regenerate when monsters are visible.
You are immune to unholy pain and torment.
You can survive without breathing.


Message History

* * * LOW HITPOINT WARNING * * *
The killer bee closely misses you.
The killer bee rages.
The killer bee closely misses you.
A hippogriff comes into view.
A gnoll comes into view.
The killer bee stings you but does no damage.
A wolf comes into view.
The bullfrog hits you.
* * * LOW HITPOINT WARNING * * *
The killer bee closely misses you. The queen bee closely misses you.
The killer bee rages.
The killer bee stings you but does no damage.
Okay, then.
You feel better. The killer bee stings you!
* * * LOW HITPOINT WARNING * * *
The killer bee rages.
The killer bee stings you!
* * * LOW HITPOINT WARNING * * *
The killer bee closely misses you. The killer bee stings you!
You die... ##### ....## ....# #.y.# yyy# #yF# #@y#### #yyyy.#

##@Zyy.##
#yFyyyy.####
#yZy.y...g..
#.hOy5........
....H..........#
...h.#........##
..............#


You could see Harold, a hippogriff, a queen bee, an ogre, a wolf, 2 bullfrogs, a
hound, 20 killer bees, a gnoll, a crimson imp, a hound skeleton and a bullfrog
skeleton.

Vanquished Creatures
  Grinder (D:5)
  Sigmund (D:6)
  A yak (D:6)
  A hungry ghost (D:6)
  Eustachio (D:4)
  Duvessa (D:4)
  2 orc warriors (D:6)
  2 sky beasts
  2 phantoms
  8 centaurs
  3 ogres
  3 big kobolds
  3 bullfrogs (D:6)
  Dowan (D:4)
  2 scorpions
  A wight (D:7)
  6 killer bees (D:7)
  A howler monkey (D:4)
  7 crimson imps
  A centaur zombie (D:6)
  3 hounds
  6 orc priests
  3 iguanas
  Jessica (D:3)
  Terence (D:2)
  4 worker ants
  Natasha (D:2)
  6 orc wizards
  2 hound zombies
  6 gnolls (D:3)
  13 adders
  5 river rats
  5 oozes
  3 adder zombies (D:6)
  3 adder skeletons
  3 worms (D:2)
  2 dart slugs
  7 leopard geckos
  15 orcs
  9 bats
  11 giant cockroaches
  9 goblins
  3 hobgoblins
  10 jackals
  28 kobolds
  2 quokkas
  5 ball pythons
  4 frilled lizards
  A jackal zombie (D:7)
  A leopard gecko skeleton (D:4)
  A quokka skeleton (D:6)
  27 rats
248 creatures vanquished.

Notes
Turn   | Place    | Note
-------+----------+-------------------------------------------
     0 | D:1      | CanOfBees the Ghoul Monk began the quest for the Orb.
     0 | D:1      | Reached XP level 1. HP: 19/19 MP: 0/0
   359 | D:1      | Reached XP level 2. HP: 26/26 MP: 1/1
   601 | D:1      | Found a sparkling altar of Nemelex Xobeh.
   687 | D:1      | Reached skill level 1 in Throwing
   724 | D:1      | Reached XP level 3. HP: 31/31 MP: 2/2
  1124 | D:2      | Reached XP level 4. HP: 33/40 MP: 3/3
  1140 | D:2      | Noticed Natasha
  1151 | D:2      | Killed Natasha
  1240 | D:2      | Noticed Terence
  1263 | D:2      | Killed Terence
  1263 | D:2      | Reached XP level 5. HP: 20/46 MP: 4/4
  2286 | D:3      | Reached XP level 6. HP: 17/53 MP: 5/5
  2375 | D:3      | Noticed Jessica
  2382 | D:3      | Killed Jessica
  2761 | D:4      | Noticed Duvessa
  2761 | D:4      | Noticed Dowan
  3030 | D:4      | Found a glowing drain.
  3079 | Sewer    | Entered a sewer
  3113 | Sewer    | Reached skill level 5 in Fighting
  3196 | Sewer    | Reached skill level 1 in Armour
  3199 | Sewer    | Reached XP level 7. HP: 47/61 MP: 6/6
  3203 | Sewer    | Reached skill level 5 in Unarmed Combat
  3785 | D:4      | Got a dazzling whip
  3812 | D:4      | Noticed Eustachio
  3829 | D:4      | Killed Eustachio
  3878 | D:4      | Killed Duvessa
  3888 | D:4      | Killed Dowan
  3888 | D:4      | Reached XP level 8. HP: 13/70 MP: 7/7
  4932 | D:4      | Found Kaveteh's Elemental Accessories.
  5178 | D:5      | Entered Level 5 of the Dungeon
  5250 | D:5      | Found an opulent altar of Gozag.
  5310 | D:5      | Identified the cursed +1 whip "Wirien" {antimagic, rPois
                  | Str-4 Dex+6} (You found it on level 4 of the Dungeon)
  5384 | D:5      | Noticed Grinder
  5403 | D:5      | Killed Grinder
  6248 | D:6      | Reached XP level 9. HP: 63/79 MP: 8/8
  6299 | D:6      | Noticed Sigmund
  6313 | D:6      | Killed Sigmund
  6346 | D:6      | Found a blossoming altar of Fedhas.
  6460 | D:6      | Reached skill level 5 in Dodging
  6560 | D:6      | Found a staircase to the Ecumenical Temple.
  6578 | Temple   | Entered the Ecumenical Temple
  6664 | Temple   | Became a worshipper of Warmaster Okawaru
  6664 | Temple   | Reached * piety under Okawaru
  6664 | Temple   | Reached ** piety under Okawaru
  6780 | D:6      | Reached skill level 1 in Invocations
  7157 | D:6      | Reached XP level 10. HP: 82/90 MP: 11/11
  7160 | D:6      | Reached *** piety under Okawaru
  7701 | D:7      | Received a gift from Okawaru
  8545 | D:8      | Noticed Harold
  8560 | D:8      | Mangled by a killer bee

Levels and vault maps discovered:
D:1:      sevenhm_arrival_forest_fort_small_4, layout_rooms,
          nemelex_diamond_rough_becter
D:2:      layout_basic, uniq_natasha, uniq_terence
D:3:      layout_loops_ring, serial_forest, infiniplex_forest_straight_1,
          infiniplex_forest_clump_medium, infiniplex_forest_end_double,
          infiniplex_forest_lined_room_2, infiniplex_forest_lined_2,
          infiniplex_forest_lined_2, minmay_misc_feat_square, uniq_jessica
D:4:      layout_loops_ring, first_ration, portal_sewer_entry_c,
          nicolae_elemental_shop, uniq_eustachio, uniq_duvessa
D:5:      layout_basic, lemuel_round_altar, minivault_1,
          hangedman_minor_gate_pass, uniq_grinder
D:6:      nicolae_whirlpool, layout_basic, temple_green, basic_altar,
          grunt_tough_drop, uniq_sigmund
D:7:      layout_basic
D:8:      layout_cave_pools, basic_altar, serial_gnoll_camp,
          gnoll_camp_huts_moat, gnoll_camp_mini_hut, gnoll_camp_mini_sergeant,
          gnoll_camp_mini_shop, gnoll_camp_mini_shop, david_nohive_1,
          uniq_joseph, uniq_harold, uniq_grum
Temple:   grunt_wide_crystal_templ

Skill      XL: |  1  2  3  4  5  6  7  8  9 10 |
---------------+-------------------------------+-----
Throwing       | 1 2 3 4 |  4.0
Dodging        | 3 4 5 6 |  6.4
Fighting       | 4 5 7 8 9 |  9.2
Unarmed Combat | 4 5 7 8 9 |  9.2
Armour         | 1 2 4 |  4.0
Invocations    | 3 4 |  4.4
Stealth        | |  2.1

Action                   |  1- 3 |  4- 6 |  7- 9 | 10-12 || total
-------------------------+-------+-------+-------+-------++-------
Melee: Unarmed           |   119 |   264 |   492 |   122 ||   997
       Punch             |     2 |     5 |     6 |     9 ||    22
Throw: Stone             |    21 |     5 |       |       ||    26
       Boomerang         |       |    25 |     3 |       ||    28
       Dart              |       |       |    11 |       ||    11
Invok: Heroism           |       |       |     1 |     2 ||     3
  Use: Scroll            |       |     7 |     5 |     5 ||    17
       Potion            |       |       |     7 |     1 ||     8
  Eat: Chunk             |    20 |    47 |    55 |    29 ||   151
Armor: Robe              |     4 |       |       |       ||     4
       Ring mail         |    38 |    11 |       |       ||    49
       Scale mail        |       |   103 |   237 |    59 ||   399
Dodge: Dodged            |    79 |   147 |   354 |   114 ||   694

Table legend:
 A = Non-vault XP
 B = Vault XP
 C = Vault XP percentage of total XP
 D = Non-vault monster count
 E = Vault monster count
 F = Vault count percentage of total count
                 A         B        C        D         E       F
            +---------+---------+-------+---------+---------+-------
      Total |    4564 |    2015 |  30.6 |     177 |      71 |  28.6
            +---------+---------+-------+---------+---------+-------
        D:1 |      53 |       0 |   0.0 |      26 |       0 |   0.0
        D:2 |      81 |      71 |  46.7 |      21 |       2 |   8.7
        D:3 |     206 |      37 |  15.2 |      26 |       1 |   3.7
        D:4 |     613 |     447 |  42.2 |      21 |      10 |  32.3
        D:5 |     253 |     287 |  53.1 |      12 |       2 |  14.3
        D:6 |    1803 |     938 |  34.2 |      38 |       8 |  17.4
        D:7 |    1505 |       0 |   0.0 |      32 |       0 |   0.0
     Temple |      50 |       0 |   0.0 |       1 |       0 |   0.0
      Sewer |       0 |     235 | 100.0 |       0 |      48 | 100.0
            +---------+---------+-------+---------+---------+-------
